 Dungeon Crawl Stone Soup version 0.25-a0-667-gb977e01cb5 (webtiles) character file.

Game seed: 16348084815053650351, levelgen mode: deterministic

29522 Error4North the Blocker (level 13, -9/113 HPs)
             Began as a Hill Orc Fighter on Mar 27, 2020.
             Was a High Priest of Okawaru.
             Killed from afar by a molten gargoyle (19 damage)
             ... with a bolt of magma
             ... in a volcano.
             The game lasted 00:45:45 (10700 turns).

Error4North the Blocker (Hill Orc Fighter)         Turns: 10700, Time: 00:45:45

Health: -9/113     AC: 20    Str: 24    XL:     13   Next: 45%
Magic:  16/16      EV: 12    Int:  8    God:    Okawaru [*****.]
Gold:   873        SH: 22    Dex: 10    Spells: 12/12 levels left

rFire    + . .     SeeInvis .   a - +0 war axe
rCold    + . .     Gourm    .   M - +0 tower shield
rNeg     . . .     Faith    .   L - +7 Kryia's mail coat {PotionHeal*2 rC+}
rPois    +         Spirit   .   q - +0 helmet
rElec    .         Reflect  .   c - scarf {repulsion}
rCorr    .         Harm     .   (no gloves)
MR       .....                  r - +0 pair of boots
Stlth    +++.......             z - amulet of regeneration
HPRegen  0.68/turn              K - ring of protection from fire
MPRegen  0.15/turn              v - ring of stealth

@: heroism, stab, repel missiles
A: low mp 1, poison resistance, subdued magic 1
a: Heroism, Finesse, Renounce Religion


You were in a volcano.
You worshipped Okawaru.
Okawaru was extremely pleased with you.
You were not hungry.

You visited 4 branches of the dungeon, and saw 15 of its levels.
You also visited: Sewer and Volcano.

You collected 873 gold pieces.

Inventory:

Hand Weapons
 a - a +0 war axe (weapon)
 d - a +3 flail
Missiles
 n - 16 boomerangs (quivered)
 G - 5 silver boomerangs
Armour
 c - a scarf of repulsion (worn)
 q - a +0 helmet (worn)
 r - a +0 pair of boots (worn)
 L - the +7 Kryia's mail coat (worn) {PotionHeal*2 rC+}
   (You found it on level 1 of the Lair of Beasts)

   It protects you from cold.
 M - a +0 tower shield (worn)
Jewellery
 v - a ring of stealth (right hand)
 x - an uncursed ring of resist corrosion {unknown}
 z - an amulet of regeneration (around neck)
 K - a ring of protection from fire (left hand)
Wands
 H - a wand of iceblast (10)
 I - a wand of disintegration (12)
Scrolls
 e - 12 scrolls of identify
 g - 4 scrolls of enchant armour {unknown}
 i - a scroll of amnesia {unknown}
 j - 4 scrolls of remove curse
 k - a scroll of enchant weapon {unknown}
 l - 3 scrolls of teleportation {unknown}
 m - 3 scrolls of random uselessness {unknown}
 o - a scroll of immolation {unknown}
 u - a scroll of magic mapping {unknown}
 y - 2 scrolls of fog {unknown}
 A - 2 scrolls of blinking {unknown}
 J - a scroll of summoning {unknown}
 N - a scroll of fear {unknown}
Potions
 h - a potion of brilliance
 t - 2 potions of flight {unknown}
 w - 6 potions of heal wounds {unknown}
 B - 3 potions of curing
 E - a potion of berserk rage
 F - 2 potions of haste
Comestibles
 f - 17 rations


   Skills:
 * Level 10.2(15.2) Fighting
 + Level 12.7(17.7) Axes
 + Level 0.4(5.4) Throwing
 * Level 9.8(14.8) Armour
 + Level 2.0(7.0) Dodging
 + Level 2.3(7.3) Stealth
 * Level 14.1(19.1) Shields
 + Level 7.0 Invocations
 * Level 4.5 Evocations


You had 12 spell levels left.
You didn't know any spells.
Your spell library contained the following spells:

 Spells                   Type           Power        Failure   Level  Hunger
 Summon Small Mammal      Summ           #...         85%         1    ##.....
 Call Imp                 Summ           #.......     94%         2    ###....
 Call Canine Familiar     Summ           #.......     99%         3    ####...
 Confusing Touch          Hex            #.......     99%         3    ####...
 Gell's Gravitas          Tloc           #.........   99%         3    ####...
 Summon Guardian Golem    Hex/Summ       #.......     99%         3    ####...
 Petrify                  Tmut/Erth      #.......     100%        4    #####..
 Summon Ice Beast         Ice/Summ       #.......     100%        4    #####..
 Summon Lightning Spire   Summ/Air       #.......     100%        4    #####..
 Irradiate                Conj/Tmut      #.........   100%        5    ######.
 Metabolic Englaciation   Hex/Ice        #.........   100%        5    ######.
 Yara's Violent Unravell  Hex/Tmut       #.........   100%        5    ######.
 Hydra Form               Tmut           #.........   100%        6    #######
 Statue Form              Tmut/Erth      #........    100%        6    #######
 Dragon Form              Tmut           #.........   100%        7    #######


Dungeon Overview and Level Annotations

Branches:
Dungeon (10/15)            Temple (1/1) D:5            Lair (3/6) D:9
 Shoals (0/4) Lair:2        Snake (0/4) Lair:2          Orc (1/2) D:9
  Sewer (visited)         Volcano (1/1)

Altars:
Ashenzari
Cheibriados
Dithmenos
Elyvilon
Fedhas
Gozag
Hepliaklqana
Kikubaaqudgha
Makhleb
Nemelex Xobeh
Okawaru
Qazlal
Ru
Sif Muna
Trog
Uskayaw
Vehumet
Wu Jian
Xom
Yredelemnul
Zin
The Shining One

Shops:
D:9 =(

Annotations:
Lair:2 exclusion: 2 oklob plants


Innate Abilities, Weirdness & Mutations

Your magical capacity is low. (-10% MP)
Your system is resistant to poisons. (rPois)
Your spells are a little easier to cast, but a little less powerful.


Message History

The lindwurm breathes flames at you. The blast of flame hits you. You resist.
* * * LOW HITPOINT WARNING * * *
You open the door. 2 molten gargoyles come into view.
There is an open door here.
The lindwurm breathes flames at you. The blast of flame hits you! You resist.
* * * LOW HITPOINT WARNING * * *
You close the door.
It was a potion of experience.
You feel more experienced!
Your base Shields skill gained 3 levels and is now at level 14!
You have reached level 13!
You block the molten gargoyle's attack.
It was a potion of stabbing.
You feel ready to backstab.
The molten gargoyle blasts magma at you!
The bolt of magma hits you!! You partially resist.
You die...

#### ##..## #.§≈.#
### ##.≈≈.## ##
#.## #§.≈≈§.# #.#
...## ##.≈≈§≈.##
#..
###.###.≈≈≈k≈≈.#
#9# #
##.##.≈≈k≈≈≈.##9#
#≈°##.)#≈≈≈##≈#+@#
≈°≈≈##############
○≈≈≈ ≈≈≈§. ≈≈○☼#
○≈○## #.##


You could see 2 molten gargoyles.

Vanquished Creatures
  A centaur warrior (D:8)
  2 death yaks (Lair:1)
  A toenail golem (Volcano)
  A black mamba (Lair:2)
  2 molten gargoyles (Volcano)
  A torpor snail (Lair:2)
  A spiny frog (Lair:2)
  2 komodo dragons
  A rime drake (Lair:2)
  A troll (D:9)
  Prince Ribbit (D:6)
  9 blink frogs (Lair:3)
  5 hippogriffs
  A snapping turtle (Lair:2)
  5 humans (D:6)
  2 wyverns
  17 yaks
  8 water moccasins
  9 porcupines
  2 orc warriors
  A sky beast (D:6)
  2 phantoms
  A necrophage (D:9)
  An ice beast (D:5)
  2 black bears
  A wolf (Lair:3)
  2 centaurs
  2 ogres
  7 crocodiles
  4 big kobolds
  An earth elemental (Volcano)
  8 bullfrogs
  A gnoll sergeant (D:8)
  A scorpion (D:8)
  6 killer bees (D:8)
  A howler monkey (D:5)
  3 crimson imps (D:9)
  A bullfrog zombie (D:9)
  5 hounds
  6 jellies
  2 bullfrog skeletons
  A centaur skeleton (D:9)
  4 orc priests
  8 orc wizards
  Jessica (D:2)
  3 iguanas
  Natasha (thrice) (D:2)
  3 worker ants
  A killer bee zombie (D:6)
  Robin (D:2)
  8 gnolls
  A river rat (Sewer)
  8 adders
  5 shadow imps
  6 oozes
  4 adder skeletons
  2 worms
  2 dart slugs
  2 leopard geckos
  32 orcs
  12 giant cockroaches
  10 hobgoblins
  14 jackals
  2 quokkas
  A ball python (D:1)
  6 bats
  4 frilled lizards
  11 goblins
  30 kobolds
  2 quokka skeletons
  14 rats
  4 fungi (D:9)
  3 plants (Lair:2)
338 creatures vanquished.

Vanquished Creatures (others)
  10 fungi
  5 plants
15 creatures vanquished.

Grand Total: 353 creatures vanquished

Notes
Turn   | Place    | Note
-------+----------+-------------------------------------------
     0 | D:1      | Error4North the Hill Orc Fighter began the quest for the
                  | Orb.
     0 | D:1      | Reached XP level 1. HP: 19/19 MP: 1/1
    52 | D:1      | Reached XP level 2. HP: 8/27 MP: 2/2
    57 | D:1      | HP: 1/27 [giant cockroach (2)]
   389 | D:1      | Reached XP level 3. HP: 33/33 MP: 3/3
   959 | D:2      | Noticed Jessica
   966 | D:2      | Killed Jessica
   966 | D:2      | Reached skill level 4 in Shields
   966 | D:2      | Reached XP level 4. HP: 40/40 MP: 4/4
  1110 | D:2      | Noticed Natasha
  1114 | D:2      | Killed Natasha
  1208 | D:2      | Noticed Robin
  1222 | D:2      | Killed Robin
  1222 | D:2      | Reached XP level 5. HP: 45/46 MP: 5/5
  1408 | D:2      | Noticed Natasha
  1411 | D:2      | Killed Natasha
  1438 | D:2      | Noticed Natasha
  1443 | D:2      | Killed Natasha
  2140 | D:4      | Reached skill level 5 in Axes
  2140 | D:4      | Reached XP level 6. HP: 40/52 MP: 6/6
  2538 | D:4      | Reached skill level 1 in Dodging
  2779 | D:4      | Reached skill level 5 in Shields
  2779 | D:4      | Reached XP level 7. HP: 45/60 MP: 7/7
  2943 | D:4      | Reached skill level 5 in Armour
  3035 | D:5      | Entered Level 5 of the Dungeon
  3094 | D:5      | Found a glowing drain.
  3104 | Sewer    | Entered a sewer
  3223 | Sewer    | Found a glowing silver altar of Zin.
  3446 | D:5      | Reached skill level 5 in Fighting
  3486 | D:5      | Found a staircase to the Ecumenical Temple.
  3491 | Temple   | Entered the Ecumenical Temple
  3516 | Temple   | Became a worshipper of Warmaster Okawaru
  3697 | D:5      | Reached XP level 8. HP: 68/68 MP: 8/8
  3853 | D:5      | Found a shimmering blue altar of Sif Muna.
  3924 | D:6      | Reached skill level 6 in Shields
  3932 | D:6      | Reached * piety under Okawaru
  3932 | D:6      | Reached skill level 1 in Stealth
  4320 | D:6      | Reached XP level 9. HP: 60/75 MP: 9/9
  4484 | D:6      | Reached ** piety under Okawaru
  4511 | D:6      | Noticed Prince Ribbit
  4522 | D:6      | Killed Prince Ribbit
  4543 | D:6      | Reached skill level 7 in Shields
  4543 | D:6      | Reached skill level 1 in Invocations
  5622 | D:8      | Noticed a centaur warrior
  5652 | D:8      | Killed a centaur warrior
  5652 | D:8      | Reached *** piety under Okawaru
  5652 | D:8      | Reached skill level 10 in Axes
  5652 | D:8      | Reached XP level 10. HP: 27/86 MP: 10/12
  5940 | D:8      | Reached skill level 8 in Shields
  6751 | D:9      | Found a staircase to the Orcish Mines.
  6782 | D:9      | Found Xiuho's Weapon Boutique.
  7160 | D:9      | Reached **** piety under Okawaru
  7181 | D:9      | Found a staircase to the Lair.
  7197 | D:9      | Reached skill level 1 in Evocations
  7565 | D:9      | Reached skill level 5 in Invocations
  7620 | D:9      | Found a blossoming altar of Fedhas.
  7659 | D:9      | Found Dagen's Jewellery Emporium.
  7927 | D:10     | Entered Level 10 of the Dungeon
  7927 | D:10     | Noticed a two-headed ogre
  8000 | Orc:1    | Entered Level 1 of the Orcish Mines
  8046 | Orc:1    | Noticed a cyclops
  8048 | Orc:1    | Noticed an orc knight
  8107 | Lair:1   | Entered Level 1 of the Lair of Beasts
  8239 | Lair:1   | Reached skill level 9 in Shields
  8342 | Lair:1   | Reached XP level 11. HP: 94/95 MP: 15/15
  8358 | Lair:1   | Found the +7 Kryia's mail coat {PotionHeal*2 rC+}
  8380 | Lair:1   | You fall into a shaft and drop 1 floor!
  8926 | Lair:2   | Reached ***** piety under Okawaru
  8977 | Lair:2   | Noticed an oklob plant
  9271 | Lair:2   | Reached skill level 10 in Shields
  9413 | Lair:2   | Found a staircase to the Snake Pit.
  9503 | Lair:2   | Received a gift from Okawaru
  9506 | Lair:2   | Noticed a death yak
  9508 | Lair:2   | Noticed a death yak
  9538 | Lair:1   | Killed a death yak
  9544 | Lair:1   | Killed a death yak
  9829 | Lair:2   | Found a staircase to the Shoals.
 10002 | Lair:2   | Noticed an oklob plant
 10073 | Lair:3   | Reached XP level 12. HP: 74/105 MP: 15/17
 10085 | Lair:3   | Reached skill level 11 in Shields
 10276 | Lair:3   | Reached skill level 10 in Fighting
 10558 | Lair:3   | Found a dark tunnel.
 10564 | Volcano  | Entered a volcano
 10688 | Volcano  | Gained mutation: Your spells are a little easier to cast,
                  | but a little less powerful. [potion of mutation]
 10688 | Volcano  | Gained mutation: Your magical capacity is low. (-10% MP)
                  | [potion of mutation]
 10688 | Volcano  | Gained mutation: Your system is resistant to poisons.
                  | (rPois) [potion of mutation]
 10699 | Volcano  | Reached skill level 14 in Shields
 10699 | Volcano  | Reached XP level 13. HP: 8/113 MP: 16/16
 10700 | Volcano  | Killed from afar by a molten gargoyle

Levels and vault maps discovered:
D:1:      ncdulo_lavacross, layout_basic
D:2:      layout_basic, serial_bayou_pond_a, uniq_natasha, uniq_jessica,
          uniq_robin
D:3:      layout_basic
D:4:      layout_loops_ring, first_ration, kennysheep_another_room
D:5:      layout_cave_pools, led_sif_pool, minmay_temple_entry_wispy,
          portal_sewer_entry_a
D:6:      layout_basic, minmay_ruffians, uniq_prince_ribbit1
D:7:      layout_cave_pools
D:8:      layout_loops_ring, hangedman_little_slice_of_home, minmay_microvault
D:9:      layout_rooms, due_lair_maze_entry_diamond, orc_david_3, serial_shops,
          shop, amethyst_killhole, fedhas_altar_2
D:10:     layout_big_octagon
Temple:   grunt_wide_crystal_templ
Lair:1:   layout_loops_ring, serial_bayou_pond_d, lemuel_fruit_tree
Lair:2:   layout_hall_layers, minmay_shoals_entry_hut,
          minmay_snake_entry_six_corridors, serial_forest,
          infiniplex_forest_clump_small, infiniplex_forest_side_room,
          infiniplex_forest_clump_tiny, infiniplex_forest_clump_diagonal,
          infiniplex_forest_clump_double, infiniplex_forest_straight_4,
          infiniplex_forest_lined_4_way, infiniplex_forest_clump_double,
          infiniplex_forest_clump_medium, st_stairs_11,
          minmay_lair_oklob_chamber
Lair:3:   dragon1_lemuel, layout_chaotic_city, basic_altar,
          nicolae_volcano_entry_s_turn, st_stairs_12, minivault_19,
          beast_lair_carwin_8
Orc:1:    layout_caves, serial_shops, shop
Volcano:  volcano_aerie

Skill      XL: |  1  2  3  4  5  6  7  8  9 10 11 12 |
---------------+-------------------------------------+-----
Axes           | 3 4 5 6 7 8 10 11 12 | 12.7
Fighting       | 4 5 6 7 8 9 10 | 10.2
Shields        | 4 5 6 7 9 10 14 | 14.1
Armour         | 4 5 6 8 9 |  9.8
Dodging        | 1 2 |  2.0
Stealth        | 2 |  2.3
Invocations    | 3 5 7 |  7.0
Evocations     | 2 3 4 |  4.5
Throwing       | |  0.4

Action                   |  1- 3 |  4- 6 |  7- 9 | 10-12 | 13-15 || total
-------------------------+-------+-------+-------+-------+-------++-------
Melee: War axe           |    92 |   201 |   266 |   728 |       ||  1287
Throw: Boomerang         |       |       |     8 |     7 |       ||    15
Invok: Heroism           |       |       |     1 |    15 |       ||    16
       Finesse           |       |       |       |     2 |       ||     2
Evoke: Wand              |       |       |       |     1 |       ||     1
  Use: Potion            |       |       |     4 |     5 |     1 ||    10
       Scroll            |       |       |       |     4 |       ||     4
 Stab: Invisible         |       |       |    10 |       |       ||    10
       Sleeping          |       |       |       |     1 |       ||     1
  Eat: Chunk             |       |     7 |     9 |    14 |       ||    30
       Ration            |       |       |       |     1 |       ||     1
Armor: Scale mail        |    39 |    95 |       |   134 |       ||   268
       Chain mail        |       |    13 |    23 |       |       ||    36
       Plate armour      |       |       |   134 |   150 |       ||   284
Dodge: Dodged            |    26 |    64 |    47 |   173 |       ||   310
       Deflected         |       |       |       |     1 |       ||     1
Block: Kite shield       |    52 |   101 |   143 |   232 |       ||   528
       Tower shield      |       |       |       |   286 |     1 ||   287

Table legend:
 A = Non-vault XP
 B = Vault XP
 C = Vault XP percentage of total XP
 D = Non-vault monster count
 E = Vault monster count
 F = Vault count percentage of total count
                 A         B        C        D         E       F
            +---------+---------+-------+---------+---------+-------
      Total |   17590 |    7024 |  28.5 |     253 |      78 |  23.6
            +---------+---------+-------+---------+---------+-------
        D:1 |      47 |       0 |   0.0 |      26 |       0 |   0.0
        D:2 |      92 |     104 |  53.1 |      16 |      13 |  44.8
        D:3 |      40 |       0 |   0.0 |      15 |       0 |   0.0
        D:4 |     406 |       0 |   0.0 |      28 |       0 |   0.0
        D:5 |     410 |       5 |   1.2 |      13 |       4 |  23.5
        D:6 |     792 |    1182 |  59.9 |      24 |       6 |  20.0
        D:7 |     518 |       0 |   0.0 |      18 |       0 |   0.0
        D:8 |     992 |    1158 |  53.9 |      35 |       9 |  20.5
        D:9 |    1326 |    1208 |  47.7 |      21 |      13 |  38.2
     Lair:1 |    3700 |       0 |   0.0 |      13 |       0 |   0.0
     Lair:2 |    3901 |    1006 |  20.5 |      15 |      13 |  46.4
     Lair:3 |    5221 |     843 |  13.9 |      25 |       6 |  19.4
      Orc:1 |     145 |       0 |   0.0 |       4 |       0 |   0.0
      Sewer |       0 |     118 | 100.0 |       0 |      10 | 100.0
    Volcano |       0 |    1400 | 100.0 |       0 |       4 | 100.0
            +---------+---------+-------+---------+---------+-------
